Map: Ulrena

Players

hinO

  • Race: Zerg Zerg
  • League: Grandmaster

FeaR - Winner!

  • Race: Protoss Protoss
  • League: Grandmaster

Event: DreamHack ZOWIE Open Leipzig

VOD

Have the link to the VOD?

Description

Time

  • Played on: Jan. 22, 2016, 8:05 a.m.
  • Length: 5:54

All games in this series

Show
View Real Time Build Order
Export as new Build Order

hinO Zerg 

Build Orders: 3 Hatch before Pool 

Get SALT Encoding   

  12  0:00  Drone  
  13  0:08  Drone  
  14  0:18  Overlord  
  14  0:27  Drone, Extractor x2  
  13  0:29  Drone  
  16  0:38  Drone  
  17  0:54  Hatchery  
  16  0:57  Drone  
  16  1:02  Drone  
  18  1:25  Hatchery  
  17  1:35  Spawning Pool  
  17  1:38  Drone  
  17  1:41  Drone  
  17  1:44  Drone  
  19  1:48  Extractor  
  19  1:50  Drone  
  19  2:00  Drone  
  20  2:06  Overlord  
  20  2:11  Drone  
  21  2:22  Spine Crawler, Zergling x4  
  22  2:29  Spine Crawler  
  21  2:31  Zergling x2  
  22  2:40  Queen  
  22  2:44  Zergling x2  
  25  2:47  Zergling x2  
  25  2:50  Zergling x2  
  26  2:55  Zergling x2  
  26  2:56  Zergling x2  
  26  3:01  Zergling x2  
  26  3:04  Zergling x2  
  26  3:08  Zergling x2  
  25  3:14  Zergling x2  
  22  3:23  Zergling x4  
  22  3:28  Zergling x2  
  22  3:33  Zergling x4  
  21  3:39  Zergling x2  
  21  3:45  Zergling x2  
  20  3:53  Zergling x4  
  19  4:04  Queen  
  21  4:10  Drone  
  21  4:14  Drone  
  23  4:22  Drone x2  
  23  4:26  Drone  
  23  4:31  Drone  
  23  4:34  Drone  
  25  4:38  Drone  
  25  4:41  Drone  
  25  4:44  Drone  
  27  4:47  Drone  
  28  4:53  Drone x2  
  28  4:58  Drone  
  28  4:59  Drone  
  32  5:01  Drone  
  32  5:03  Drone  
  34  5:07  Drone  
  34  5:10  Drone  
  34  5:13  Overlord  
  36  5:16  Drone  
  37  5:23  Drone  
  37  5:24  Drone x3  
  41  5:29  Overlord, Extractor  
  41  5:33  Drone  
  41  5:34  Drone  
  42  5:39  Drone, Roach Warren  
  38  5:44  Spore Crawler  
  38  5:49  Spore Crawler  
Show
View Real Time Build Order
Export as new Build Order

FeaR Protoss - Winner!

Build Orders: Mass Adepts 

Get SALT Encoding   

  12  0:00  Probe (Chrono Boost)  
  13  0:11  Probe (Chrono Boost)  
  14  0:17  Pylon  
  14  0:22  Probe (Chrono Boost)  
  15  0:36  Probe (Chrono Boost), Gateway  
  16  0:46  Probe (Chrono Boost)  
  16  0:48  Assimilator  
  18  0:57  Probe (Chrono Boost)  
  18  1:02  Gateway  
  18  1:07  Probe (Chrono Boost)  
  19  1:18  Probe (Chrono Boost)  
  20  1:24  Cybernetics Core  
  20  1:28  Probe (Chrono Boost)  
  21  1:35  Pylon  
  21  1:39  Probe (Chrono Boost)  
  22  1:40  Assimilator  
  22  1:49  Probe (Chrono Boost)  
  23  2:01  Mothership Core (Chrono Boost)  
  25  2:03  Adept (Chrono Boost)  
  25  2:05  Pylon  
  25  2:07  Adept (Chrono Boost)  
  29  2:13  Pylon  
  31  2:33  Adept x2 (Chrono Boost)  
  33  2:51  Probe  
  34  3:03  Probe  
  39  3:14  Nexus  
  39  3:15  Probe  
  39  3:16  Adept (Chrono Boost)  
  34  3:27  Probe  
  34  3:30  Adept (Chrono Boost)  
  37  3:39  Probe  
  36  3:52  Probe  
  35  4:03  Stargate  
  35  4:04  Pylon  
  35  4:15  Robotics Facility  
  35  4:22  Probe (Chrono Boost)  
  36  4:28  Adept x2  
  40  4:32  Probe x2 (Chrono Boost)  
  40  4:35  Pylon  
  42  4:42  Probe (Chrono Boost)  
  44  4:49  Oracle (Chrono Boost)  
  44  4:50  Probe  
  44  4:51  Probe  
  48  4:55  Adept x2  
  48  4:57  Warp Prism  
  52  5:07  Gateway  
  54  5:16  Gateway  
  54  5:21  Probe, Pylon  
  54  5:23  Probe  
  56  5:33  Probe  
  56  5:35  Probe  

Tags
 
Add a new tag
Caveats
  • Supply blocks, unpowered buildings, or Contaminate may cause inaccurate times.
  • Supply counts are checked every 10 seconds.